 Dungeon Crawl Stone Soup version 0.31-a0-149-g3fdcc5976a (webtiles) character file.

Game seed: 12267064656596829010

166 qw the Shooter (level 5, -4/46 HPs)
             Began as a Minotaur Hunter on June 7, 2023.
             Slain by a black bear (5 damage)
             ... on level 3 of the Dungeon.
             The game lasted 00:01:05 (2399 turns).

qw the Shooter (Minotaur Hunter)                    Turns: 2399, Time: 00:01:06

Health: -4/46      AC:  6    Str: 15    XL:     5   Next: 22%
Magic:  4/4        EV: 11    Int:  6    God:
Gold:   111        SH:  0    Dex: 16    Spells: 4/4 levels left

rFire   . . .        Y - +0 shortbow
rCold   . . .        (shield currently unavailable)
rNeg    . . .        a - +0 ring mail
rPois   .            (helmet restricted)
rElec   .            (no cloak)
rCorr   .            (no gloves)
SInv    .            d - +0 pair of boots
Will    .....        (no amulet)
Stlth   +            (no ring)
HPRegen 0.27/turn    (no ring)
MPRegen 0.09/turn

%: no passive effects
@: no status effects
A: horns 2, retaliatory headbutt
a: no special abilities


You were on level 3 of the Dungeon.
You visited 1 branch of the dungeon, and saw 4 of its levels.

You collected 111 gold pieces.


Innate Abilities, Weirdness & Mutations

You have a pair of horns on your head.
You reflexively headbutt those who attack you in melee.


   Skills:
 - Level 4.1 Fighting
 + Level 6.3 Ranged Weapons
 - Level 1.3 Armour
 - Level 2.1 Dodging
 - Level 0.7 Stealth


You had 4 spell levels left.
You didn't know any spells.
Your spell library was empty.

Inventory:

Hand Weapons
 Y - a +0 shortbow (weapon)
Armour
 a - a +0 ring mail (worn)
 d - a +0 pair of boots (worn)
Scrolls
 g - a scroll of identify
Potions
 c - a potion of cancellation {unknown}
 e - a potion of lignification {unknown}

Dungeon Overview and Level Annotations

Branches:
Dungeon (4/15)
 Temple: D:4-7

Altars:
Dithmenos
Elyvilon
Fedhas
Gozag
Kikubaaqudgha
Vehumet
Xom

Shops:
D:2 !


Message History

The black bear is severely wounded.
The black bear closely misses you.
The black bear claws you but does no damage.
The black bear claws you.
You shoot an arrow. The arrow barely misses the black bear.
The black bear bites you.
The black bear claws you but does no damage.
The black bear claws you.
2392 ||| DRINKING 2 potions of heal wounds.
You feel much better.
The black bear bites you but does no damage.
The black bear claws you. x2
You shoot an arrow. The arrow barely misses the black bear.
The black bear bites you. The black bear claws you.
The black bear claws you but does no damage.
The black bear bites you but does no damage.
The black bear closely misses you. The black bear claws you.
You shoot an arrow.
The arrow closely misses the black bear.
The black bear bites you!
The black bear claws you but does no damage.
The black bear closely misses you.
You shoot an arrow. The arrow barely misses the black bear.
The black bear bites you.
The black bear claws you but does no damage.
The black bear claws you.
2396 ||| DRINKING potion of heal wounds.
You feel much better. The black bear barely misses you.
The black bear claws you. x2
You shoot an arrow.
The arrow closely misses the black bear.
The black bear bites you. The black bear misses you. The black bear claws you.
You shoot an arrow.
The arrow closely misses the black bear.
The black bear barely misses you. The black bear claws you.
The black bear barely misses you.
You shoot an arrow. The arrow hits the black bear.
The black bear is severely wounded.
The black bear goes berserk!
The black bear bites you! The black bear claws you.
You die...

######### ........#
........#####################
.#####....).)))).)..........#
.#$$!#..###################.#
.#[/!#..# #...h@).......##.#
.#![g#..####.#####...###.##.#
.#####.......# #......##....#
........########.###.#.#.#..#
........# ###..###.....#..#
.#####.## #.......##.<....#
## ##.# #.#..##.##..###.#
#..# #.##.##.##..# #.# #.##
####.##..#...>.###.#####


You could see a black bear (berserk).

Vanquished Creatures
  Robin (D:3)
  4 gnolls (D:3)
  3 adders
  A worm (D:3)
  4 orcs (D:3)
  6 ball pythons
  7 endoplasms
  2 giant cockroaches
  14 goblins
  7 hobgoblins
  5 jackals
  3 quokkas
  5 bats
  4 frilled lizards
  9 kobolds
  7 rats
82 creatures vanquished.

Notes
Turn   | Place    | Note
-------+----------+-------------------------------------------
     0 | D:1      | qw the Minotaur Hunter began the quest for the Orb.
     0 | D:1      | Reached XP level 1. HP: 18/18 MP: 0/0
     0 | D:1      | 0 ||| qw: Version: 0.2-a-117-gc6b5c8b
     0 | D:1      | 0 ||| qw: Game counter: 2570
     0 | D:1      | 0 ||| qw: Always use a shield: true
     0 | D:1      | 0 ||| qw: God list: Okawaru
     0 | D:1      | 0 ||| qw: Allow faded altars: false
     0 | D:1      | 0 ||| qw: Do Orc after D:15 true
     0 | D:1      | 0 ||| qw: Do second Lair branch before Depths: true
     0 | D:1      | 0 ||| qw: Lair rune preference: random
     0 | D:1      | 0 ||| qw: Plans: Normal
     0 | D:1      | 0 ||| PLANNING D:1-11
   103 | D:1      | Reached XP level 2. HP: 17/25 MP: 1/1
   122 | D:1      | 122 ||| FLEEEEING.
   123 | D:1      | 123 ||| FLEEEEING.
   144 | D:1      | Reached skill level 5 in Ranged Weapons
   353 | D:1      | Reached skill level 3 in Fighting
   406 | D:1      | Reached XP level 3. HP: 31/31 MP: 2/2
   443 | D:1      | Found a faded altar of an unknown god.
   758 | D:1      | 758 ||| UPGRADING to +0 pair of boots.
   763 | D:1      | 763 ||| READING scroll labelled VYLARO GAEKHUC.
   764 | D:1      | 764 ||| READING 4 scrolls labelled WIKKECV ORPHESEX.
   765 | D:1      | 765 ||| READING scroll labelled QEAZED DAIH.
   766 | D:1      | 766 ||| READING scroll labelled COGIQ BAUMN.
   767 | D:1      | 767 ||| READING 3 scrolls of identify.
   767 | D:1      | 767 ||| IDENTIFYING smoky emerald potion
   768 | D:1      | 768 ||| DROPPING scroll of butterflies.
   769 | D:1      | 769 ||| DROPPING potion of degeneration.
   911 | D:2      | Found Uffymeme's Distillery.
   915 | D:2      | 915 ||| SHOPLISTING 2 potions of might (96 gold, have 35).
   915 | D:2      | 915 ||| SHOPLISTING potion of curing (36 gold, have 35).
   915 | D:2      | 915 ||| SHOPLISTING potion of heal wounds (60 gold, have
                  | 35).
   915 | D:2      | 915 ||| SHOPLISTING potion of might (48 gold, have 35).
   915 | D:2      | 915 ||| SHOPLISTING potion of mutation (96 gold, have 35).
  1184 | D:2      | Reached XP level 4. HP: 38/38 MP: 3/3
  1296 | D:2      | Reached skill level 6 in Ranged Weapons
  1333 | D:2      | 1333 ||| UPGRADING to +0 ring mail.
  1343 | D:2      | 1343 ||| DROPPING +0 leather armour.
  1344 | D:2      | 1344 ||| READING 2 scrolls of identify.
  1344 | D:2      | 1344 ||| IDENTIFYING metallic grey potion
  1412 | D:3      | Reached skill level 1 in Armour
  1433 | D:3      | Found a shadowy altar of Dithmenos.
  1669 | D:3      | Found a blossoming altar of Fedhas.
  1671 | D:3      | Found an opulent altar of Gozag.
  1674 | D:3      | Found a shimmering altar of Xom.
  1674 | D:3      | Found a radiant altar of Vehumet.
  1674 | D:3      | Found a white marble altar of Elyvilon.
  1755 | D:3      | 1755 ||| READING scroll labelled FIRALA RONI.
  1757 | D:3      | 1757 ||| READING scroll labelled ZERABL WYCOCETS.
  1758 | D:3      | HP: 8/40 [gnoll/+0 halberd (8)]
  1759 | D:3      | 1759 ||| DRINKING 2 potions of heal wounds.
  1763 | D:3      | 1763 ||| FLEEEEING.
  1764 | D:3      | 1764 ||| FLEEEEING.
  1782 | D:3      | Reached XP level 5. HP: 14/46 MP: 4/4
  1974 | D:3      | Noticed Robin
  1981 | D:3      | Killed Robin
  2188 | D:3      | Found an ancient bone altar of Kikubaaqudgha.
  2378 | D:4      | Noticed a black bear
  2383 | D:4      | 2383 ||| STAIRDANCE
  2391 | D:3      | HP: 8/46 [black bear (6)]
  2392 | D:3      | 2392 ||| DRINKING 2 potions of heal wounds.
  2396 | D:3      | 2396 ||| DRINKING potion of heal wounds.
  2398 | D:3      | HP: 11/46 [black bear (2)]
  2399 | D:3      | HP: 1/46 [black bear (10)]
  2399 | D:3      | Slain by a black bear

Levels and vault maps discovered:
D:1:      lightli_arrival_lavapool, layout_loops_ring,
          dreamdust_ecumenical_altar_hidden_monk_grotto
D:2:      layout_basic, serial_shops, shop
D:3:      layout_loops_ring, grunt_temple_overflow_open,
          mainiacjoe_overflow_large_starburst, due_unseen_surprise, uniq_robin
D:4:      layout_loops_ring, grunt_ministairs_11

Skill      XL: |  1  2  3  4 |
---------------+-------------+-----
Ranged Weapons | 5 6 |  6.3
Fighting       | 3 4 |  4.1
Armour         | 1 |  1.3
Dodging        | |  2.1
Stealth        | |  0.7

Action                     |  1- 3 |  4- 6 || total
---------------------------+-------+-------++-------
   Fire: Shortbow          |   117 |   108 ||   225
    Use: Scroll            |     5 |     3 ||     8
         Potion            |       |     3 ||     3
 Armour: Leather armour    |     2 |     1 ||     3
         Ring mail         |       |    21 ||    21
  Dodge: Dodged            |    17 |    47 ||    64

Table legend:
 A = Non-vault XP
 B = Vault XP
 C = Vault XP percentage of total XP
 D = Non-vault monster count
 E = Vault monster count
 F = Vault count percentage of total count
                 A         B        C        D         E       F
            +---------+---------+-------+---------+---------+-------
      Total |     212 |      26 |  10.9 |      75 |       7 |   8.5
            +---------+---------+-------+---------+---------+-------
        D:1 |      53 |       0 |   0.0 |      33 |       0 |   0.0
        D:2 |      48 |       0 |   0.0 |      18 |       0 |   0.0
        D:3 |     111 |      26 |  19.0 |      24 |       7 |  22.6
            +---------+---------+-------+---------+---------+-------
